 Dungeon Crawl Stone Soup version 0.23-a0-690-g0a1fc62c7c (webtiles) character file.

63 Holzbalken the Cudgeler (level 3, -3/27 HPs)
             Began as a Demonspawn Gladiator on Jan 11, 2019.
             Slain by a worm (10 damage)
             ... on level 3 of the Dungeon.
             The game lasted 00:05:21 (1786 turns).

Holzbalken the Cudgeler (Demonspawn Gladiator)      Turns: 1786, Time: 00:05:21

Health: -3/27      AC:  4    Str: 15    XL:     3   Next: 89%
Magic:  3/3        EV: 12    Int:  9    God:
Gold:   116        SH:  0    Dex: 14    Spells: 2/2 levels left

rFire    . . .     SeeInvis .   a - +0 flail
rCold    . . .     Gourm    .   (no shield)
rNeg     . . .     Faith    .   b - +0 leather armour
rPois    .         Spirit   .   c - +0 helmet
rElec    .         Reflect  .   (no cloak)
rCorr    .         Harm     .   (no gloves)
MR       .....                  (no boots)
Stlth    +.........             (no amulet)
HPRegen  0.09/turn              (no ring)
MPRegen  0.08/turn              (no ring)

@: no status effects
A: hooves 1
a: no special abilities


You were on level 3 of the Dungeon.
You were not hungry.

You visited 1 branch of the dungeon, and saw 3 of its levels.

You collected 116 gold pieces.

Inventory:

Hand Weapons
 a - a +0 flail (weapon)
Missiles
 d - 3 throwing nets (quivered)
Armour
 b - a +0 leather armour (worn)
 c - a +0 helmet (worn)
Jewellery
 g - an uncursed amulet of rage {unknown}
Scrolls
 e - 2 scrolls of remove curse {unknown}
 h - a scroll of amnesia {unknown}
 j - a scroll of magic mapping {unknown}
 l - a scroll of teleportation {unknown}
 m - a scroll of random uselessness {unknown}
Potions
 i - 2 potions of curing {unknown}
 k - a potion of invisibility {unknown}
 o - a potion of haste {unknown}
Comestibles
 f - a ration


   Skills:
 - Level 2.0 Fighting
 + Level 4.4 Maces & Flails
 - Level 1.7 Throwing
 - Level 2.6 Dodging


You had 2 spell levels left.
You didn't know any spells.
Your spell library was empty.

Dungeon Overview and Level Annotations

Branches:
Dungeon (3/15)

Altars:
Elyvilon
Trog


Innate Abilities, Weirdness & Mutations

You have large cloven feet.


Message History

You kill the orc!
You hit the worm. You kick the worm.
The worm is heavily wounded.
The worm bites you.
* * * LOW HITPOINT WARNING * * *
You sock the worm! You kick the worm.
The worm is almost dead.
You barely miss the worm.
The worm is almost dead.
The worm misses you.
You hit the worm.
You kill the worm!
The worm bites you.
* * * LOW HITPOINT WARNING * * *
Items here: )) [ † a +0 flail; a +0 ring mail; a +0 club; an orc corpse You hit the worm.
The worm is moderately wounded.
The worm bites you!
You die...

. ..............)##
.. #...............
##.#..............#
...?..............#
...?..............#.
....................
......)...(....#....
<.........w(........
.......###@#<.......
....... #.#####....
..........<.........
........########..
##.#### ..


You could see a worm.

Vanquished Creatures
  An adder (D:2)
  2 worms
  An orc (D:3)
  3 giant cockroaches
  11 hobgoblins
  2 jackals (D:2)
  6 bats
  3 frilled lizards
  4 goblins
  6 kobolds
  5 rats
44 creatures vanquished.

Vanquished Creatures (others)
  5 toadstools (D:1)
5 creatures vanquished.

Grand Total: 49 creatures vanquished

Notes
Turn   | Place    | Note
-------+----------+-------------------------------------------
     0 | D:1      | Holzbalken the Demonspawn Gladiator began the quest for the
                  | Orb.
     0 | D:1      | Reached XP level 1. HP: 16/16 MP: 1/1
   250 | D:1      | Reached skill level 3 in Maces & Flails
   317 | D:1      | Gained mutation: You have large cloven feet. [demonic
                  | ancestry]
   317 | D:1      | Reached XP level 2. HP: 14/22 MP: 2/2
  1028 | D:2      | Found a white marble altar of Elyvilon.
  1040 | D:2      | Reached XP level 3. HP: 27/27 MP: 3/3
  1117 | D:2      | Reached skill level 4 in Maces & Flails
  1409 | D:2      | Found a bloodstained altar of Trog.
  1786 | D:3      | Slain by a worm

Vault maps used:
D:1:      ldierk_walled_garden, minmay_distorted
D:2:      lemuel_doored_altar, elyvilon_altar_1
D:3:      nicolae_overflow_hidden_temple, lemuel_crystal_altar, first_ration,
          lemuel_angel_altar, uniq_natasha

Skill      XL: |  1  2  3 |
---------------+----------+-----
Maces & Flails | 3 4 |  4.4
Fighting       | |  2.0
Throwing       | |  1.7
Dodging        | |  2.6

Action                   || total
-------------------------++-------
Melee: Flail             ||   126
       Kick              ||    18
 Stab: Sleeping          ||     1
  Eat: Chunk             ||     3
Armor: Leather armour    ||    40
Dodge: Dodged            ||   102

Table legend:
 A = Non-vault XP
 B = Vault XP
 C = Vault XP percentage of total XP
 D = Non-vault monster count
 E = Vault monster count
 F = Vault count percentage of total count
                 A         B        C        D         E       F
            +---------+---------+-------+---------+---------+-------
      Total |      87 |       4 |   4.4 |      41 |       3 |   6.8
            +---------+---------+-------+---------+---------+-------
        D:1 |      24 |       4 |  14.3 |      15 |       3 |  16.7
        D:2 |      51 |       0 |   0.0 |      22 |       0 |   0.0
        D:3 |      12 |       0 |   0.0 |       4 |       0 |   0.0
            +---------+---------+-------+---------+---------+-------
